 Dungeon Crawl Stone Soup version 0.29.0-15-g675c0067aa (webtiles) character file.

Game seed: 11705979136432965403

589 qw the Cleaver (level 7, -3/59 HPs)
             Began as a Minotaur Berserker on Sept 12, 2022.
             Was a Believer of Trog.
             Shot with an arrow by a centaur (8 damage)
             ... on level 5 of the Dungeon.
             The game lasted 00:01:36 (3748 turns).

qw the Cleaver (Minotaur Berserker)                 Turns: 3748, Time: 00:01:36

Health: -3/59      AC: 14    Str: 23    XL:     7   Next: 15%
Magic:  6/6        EV:  5    Int:  4    God:    Trog [**....]
Gold:   123        SH:  8    Dex: 10    Spells: 6/6 levels left

rFire   . . .      SeeInvis .   Y - +1 hand axe (freeze)
rCold   . . .      Faith    .   l - +0 kite shield
rNeg    . . .      Spirit   .   a - +0 plate armour
rPois   .          Reflect  .   (helmet unavailable)
rElec   .          Harm     .   (no cloak)
rCorr   .          Rampage  .   (no gloves)
Will    .....                   m - +0 pair of boots
Stlth   ..........              (no amulet)
HPRegen 0.99/turn               (no ring)
MPRegen 0.10/turn               (no ring)

@: no status effects
A: horns 3, retaliatory headbutt, iridescent scales 1, passive freeze,
regeneration 1
a: Renounce Religion, Berserk, Trog's Hand


You were on level 5 of the Dungeon.
You worshipped Trog.
Trog was pleased with you.
You visited 1 branch of the dungeon, and saw 5 of its levels.

You collected 214 gold pieces.
You spent 91 gold pieces at shops.


Innate Abilities, Weirdness & Mutations

You have a pair of large horns on your head.
You reflexively headbutt those who attack you in melee.
You are partially covered in iridescent scales. (AC +2)
A frigid envelope surrounds you and freezes all who hurt you.
Your natural rate of healing is unusually fast.


   Skills:
 - Level 4.0 Fighting
 - Level 8.1 Axes
 - Level 3.8 Armour
 - Level 2.1 Dodging
 + Level 4.2 Shields


You had 6 spell levels left.
You didn't know any spells.
Your spell library was empty.

Inventory:

Hand Weapons
 f - a +0 flail of holy wrath
 Y - a +1 hand axe of freezing (weapon)
Armour
 a - a +0 plate armour (worn)
 l - a +0 kite shield (worn)
 m - a +0 pair of boots (worn)
Scrolls
 e - a scroll of identify
Potions
 c - 2 potions of berserk rage {unknown}
 d - a potion of degeneration {unknown}
 g - a potion of resistance {unknown}
 h - a potion of cancellation {unknown}
 i - a potion of attraction {unknown}
 j - a potion of ambrosia {unknown}
 n - a potion of curing

Dungeon Overview and Level Annotations

Branches:
Dungeon (5/15)
 Temple: D:4-7

Altars:
Fedhas
Hepliaklqana
Qazlal
Zin

Shops:
D:2 (


Message History

The arrow hits you.
The centaur shoots an arrow.
The arrow hits you.
The centaur unwields a +0 shortbow.
The centaur hits the bush.
The centaur kicks the bush but does no damage.
The centaur wields a +0 shortbow.
The centaur shoots an arrow.
You block the arrow.
The centaur shoots an arrow.
The arrow hits you.
The centaur shoots an arrow.
You block the arrow.
The centaur shoots an arrow.
The arrow hits you.
The centaur shoots an arrow.
The arrow hits you.
The centaur unwields a +0 shortbow.
The centaur hits the bush but does no damage.
The centaur kicks the bush but does no damage.
The centaur wields a +0 shortbow.
The centaur shoots an arrow.
The arrow hits you but does no damage.
The centaur shoots an arrow.
The arrow hits you but does no damage.
The centaur shoots an arrow.
The arrow hits you but does no damage.
The centaur shoots an arrow.
You block the arrow.
The centaur shoots an arrow.
You block the arrow.
The centaur shoots an arrow.
You block the arrow.
The centaur shoots an arrow.
You block the arrow.
The centaur shoots an arrow.
The arrow hits you.
The centaur shoots an arrow.
The arrow hits you.
The centaur shoots an arrow.
You block the arrow.
The centaur shoots an arrow.
You block the arrow.
The centaur unwields a +0 shortbow.
The centaur hits the bush but does no damage.
The centaur kicks the bush but does no damage.
The centaur wields a +0 shortbow.
The centaur shoots an arrow.
You block the arrow.
The centaur shoots an arrow.
You block the arrow.
The centaur shoots an arrow.
The arrow hits you!
The centaur shoots an arrow.
The arrow hits you but does no damage.
The centaur shoots an arrow.
The arrow hits you but does no damage.
The centaur unwields a +0 shortbow.
The centaur hits the bush but does no damage.
The centaur kicks the bush.
The centaur wields a +0 shortbow.
The centaur shoots an arrow.
The arrow hits you!
You die... ### #... #..P PP ##### #.PPP.P

#
....###########.PP_PP.#
###:#........(...PPc..
#.#>######......PP
###.#.######......##.#
..#.#.....##....@.?..#
#.#.#.....##.[.....###
#.................[....
###.......##.......####
..........##.......#
####......##.......#
..........##.......#
#####.....#######...#
#.(...# ....


You could see a centaur.

Vanquished Creatures
  An ogre (D:5)
  2 scorpions (D:4)
  3 hounds
  2 orc priests (D:4)
  A jelly (D:4)
  2 iguanas (D:5)
  3 gnolls (D:5)
  4 adders
  2 ufetubi
  2 worms (D:3)
  A dart slug (D:5)
  4 orcs (D:4)
  6 ball pythons
  5 endoplasms
  4 giant cockroaches
  10 goblins
  5 hobgoblins
  A quokka (D:1)
  3 bats
  2 frilled lizards
  11 kobolds
  2 rats
76 creatures vanquished.

Vanquished Creatures (others)
  A demonic plant (D:2)
  2 fungi (D:2)
  A plant (D:2)
  A withered plant (D:2)
5 creatures vanquished.

Grand Total: 81 creatures vanquished

Notes
Turn   | Place    | Note
-------+----------+-------------------------------------------
     0 | D:1      | qw the Minotaur Berserker began the quest for the Orb.
     0 | D:1      | Reached XP level 1. HP: 19/19 MP: 0/0
     0 | D:1      | 0 ||| qw: Version: 0.1-a-119-g272c26d
     0 | D:1      | 0 ||| qw: Game counter: 10925
     0 | D:1      | 0 ||| qw: Always use a shield: true
     0 | D:1      | 0 ||| qw: Do Orc after D:15 true
     0 | D:1      | 0 ||| qw: Do second Lair branch before Depths: true
     0 | D:1      | 0 ||| qw: Lair rune preference: random
     0 | D:1      | 0 ||| qw: Plans: Normal
     0 | D:1      | 0 ||| PLANNING D:1-11
   112 | D:1      | 112 ||| Stepping ~*~*~tactically~*~*~ (stealth).
   113 | D:1      | 113 ||| Stepping ~*~*~tactically~*~*~ (stealth).
   125 | D:1      | Reached skill level 4 in Axes
   367 | D:1      | Reached XP level 2. HP: 24/26 MP: 1/1
   608 | D:1      | 608 ||| DROPPING +0 club.
   804 | D:1      | 804 ||| Stepping ~*~*~tactically~*~*~ (stealth).
  1003 | D:1      | 1003 ||| DROPPING orb of wrath.
  1004 | D:1      | 1004 ||| READING scroll labelled BABLOUM MATA.
  1005 | D:1      | 1005 ||| READING scroll labelled SASEGU GUSM.
  1006 | D:1      | 1006 ||| READING scroll labelled WUER HAFIJOE.
  1160 | D:2      | 1160 ||| Stepping ~*~*~tactically~*~*~ (stealth).
  1199 | D:2      | Found a faded altar of an unknown god.
  1212 | D:2      | 1212 ||| Stepping ~*~*~tactically~*~*~ (stealth).
  1213 | D:2      | 1213 ||| Stepping ~*~*~tactically~*~*~ (stealth).
  1214 | D:2      | 1214 ||| Stepping ~*~*~tactically~*~*~ (stealth).
  1223 | D:2      | Reached skill level 5 in Axes
  1416 | D:2      | Found Tuigruij's Weapon Shop.
  1425 | D:2      | Reached XP level 3. HP: 31/31 MP: 2/2
  1426 | D:2      | 1426 ||| BUYING +0 flail of holy wrath (91 gold).
  1426 | D:2      | Bought a +0 flail of holy wrath for 91 gold pieces
  1426 | D:2      | 1426 ||| DROPPING +2 whip of freezing.
  1464 | D:2      | Found a stormy altar of Qazlal.
  1482 | D:2      | 1482 ||| Stepping ~*~*~tactically~*~*~ (stealth).
  1484 | D:2      | 1484 ||| Stepping ~*~*~tactically~*~*~ (stealth).
  1485 | D:2      | 1485 ||| Stepping ~*~*~tactically~*~*~ (stealth).
  1487 | D:2      | 1487 ||| Stepping ~*~*~tactically~*~*~ (hiding).
  1767 | D:2      | 1767 ||| UPGRADING to +0 plate armour.
  1777 | D:2      | 1777 ||| DROPPING +0 animal skin.
  1778 | D:2      | 1778 ||| READING scroll labelled DEXUJE ZA GIGU.
  1779 | D:2      | 1779 ||| DRINKING 2 golden potions.
  1779 | D:2      | Gained mutation: Your body sometimes deteriorates upon
                  | taking damage. [potion of mutation]
  1779 | D:2      | Gained mutation: You occasionally lose the ability to read
                  | scrolls when taking damage. [potion of mutation]
  1779 | D:2      | Gained mutation: Your natural rate of healing is unusually
                  | fast. [potion of mutation]
  1780 | D:2      | 1780 ||| DRINKING potion of mutation.
  1780 | D:2      | Lost mutation: Your body sometimes deteriorates upon taking
                  | damage. [potion of mutation]
  1780 | D:2      | Lost mutation: You occasionally lose the ability to read
                  | scrolls when taking damage. [potion of mutation]
  1780 | D:2      | Gained mutation: A frigid envelope surrounds you and
                  | freezes all who hurt you. [potion of mutation]
  1780 | D:2      | Gained mutation: You have a pair of large horns on your
                  | head. [potion of mutation]
  1780 | D:2      | Gained mutation: You are partially covered in iridescent
                  | scales. (AC +2) [potion of mutation]
  1811 | D:3      | 1811 ||| INVOKING Berserk.
  2024 | D:3      | 2024 ||| Stepping ~*~*~tactically~*~*~ (stealth).
  2034 | D:3      | Reached skill level 6 in Axes
  2034 | D:3      | Reached XP level 4. HP: 35/39 MP: 3/3
  2109 | D:3      | 2109 ||| Stepping ~*~*~tactically~*~*~ (stealth).
  2118 | D:3      | 2118 ||| Stepping ~*~*~tactically~*~*~ (stealth).
  2120 | D:3      | 2120 ||| Stepping ~*~*~tactically~*~*~ (stealth).
  2126 | D:3      | Reached ** piety under Trog
  2420 | D:3      | 2420 ||| UPGRADING to +0 pair of boots.
  2425 | D:3      | 2425 ||| READING scroll labelled DONUEN NOOVA.
  2426 | D:3      | 2426 ||| DRINKING 2 fizzy green potions.
  2471 | D:3      | 2471 ||| DRINKING 2 fuming coppery potions.
  2472 | D:3      | 2472 ||| DRINKING 2 puce potions.
  2473 | D:3      | 2473 ||| DROPPING potion of lignification.
  2474 | D:3      | 2474 ||| DROPPING potion of flight.
  2530 | D:4      | 2530 ||| Stepping ~*~*~tactically~*~*~ (stealth).
  2537 | D:4      | 2537 ||| Stepping ~*~*~tactically~*~*~ (stealth).
  2541 | D:4      | 2541 ||| INVOKING Berserk.
  2549 | D:4      | Noticed a scorpion
  2550 | D:4      | 2550 ||| Stepping ~*~*~tactically~*~*~ (stealth).
  2565 | D:4      | Killed a scorpion
  2566 | D:4      | Reached skill level 7 in Axes
  2566 | D:4      | Reached XP level 5. HP: 45/45 MP: 4/4
  2769 | D:4      | Reached skill level 3 in Armour
  2806 | D:4      | Reached XP level 6. HP: 52/52 MP: 5/5
  2974 | D:4      | 2974 ||| FLEEEEING.
  2975 | D:4      | 2975 ||| FLEEEEING.
  2976 | D:4      | 2976 ||| FLEEEEING.
  2977 | D:4      | 2977 ||| FLEEEEING.
  2978 | D:4      | 2978 ||| FLEEEEING.
  2979 | D:4      | 2979 ||| FLEEEEING.
  2980 | D:4      | 2980 ||| FLEEEEING.
  2981 | D:4      | 2981 ||| FLEEEEING.
  2982 | D:4      | 2982 ||| FLEEEEING.
  2983 | D:4      | 2983 ||| FLEEEEING.
  2984 | D:4      | 2984 ||| FLEEEEING.
  2985 | D:4      | 2985 ||| FLEEEEING.
  2986 | D:4      | 2986 ||| FLEEEEING.
  2987 | D:4      | 2987 ||| FLEEEEING.
  2988 | D:4      | 2988 ||| FLEEEEING.
  2989 | D:4      | 2989 ||| FLEEEEING.
  2990 | D:4      | 2990 ||| FLEEEEING.
  2991 | D:4      | 2991 ||| FLEEEEING.
  2992 | D:4      | 2992 ||| FLEEEEING.
  2993 | D:4      | 2993 ||| FLEEEEING.
  2994 | D:4      | 2994 ||| FLEEEEING.
  2995 | D:4      | 2995 ||| FLEEEEING.
  3001 | D:4      | 3001 ||| INVOKING Berserk.
  3006 | D:4      | Reached skill level 8 in Axes
  3138 | D:4      | Identified the +5 dagger "Hetonah" {holy, rPois rN+ Dex+3}
  3209 | D:4      | Found a glowing silver altar of Zin.
  3361 | D:4      | Found a hazy altar of Hepliaklqana.
  3364 | D:4      | 3364 ||| UPGRADING to +0 kite shield.
  3369 | D:4      | 3369 ||| READING 2 scrolls labelled ODDYGU SUTAX.
  3370 | D:4      | 3370 ||| READING scroll labelled BOROLACE LYLIE.
  3371 | D:4      | 3371 ||| READING scroll labelled WAETWESAOC.
  3372 | D:4      | 3372 ||| READING scroll labelled KIMPOG BIG.
  3373 | D:4      | 3373 ||| DRINKING 2 yellow potions.
  3374 | D:4      | 3374 ||| READING 2 scrolls of identify.
  3374 | D:4      | 3374 ||| IDENTIFYING emerald potion
  3375 | D:4      | 3375 ||| DROPPING scroll of poison.
  3376 | D:4      | 3376 ||| DROPPING potion of brilliance.
  3377 | D:4      | 3377 ||| Stepping randomly (stuck).
  3378 | D:4      | 3378 ||| Stepping ~*~*~tactically~*~*~ (cloud).
  3445 | D:5      | Entered Level 5 of the Dungeon
  3446 | D:5      | 3446 ||| Stepping ~*~*~tactically~*~*~ (hiding).
  3450 | D:5      | Reached skill level 1 in Shields
  3478 | D:5      | 3478 ||| INVOKING Berserk.
  3481 | D:5      | Reached skill level 3 in Shields
  3487 | D:5      | Reached XP level 7. HP: 59/59 MP: 6/6
  3689 | D:5      | Found a blossoming altar of Fedhas.
  3694 | D:5      | Identified the +1 leather armour "Ocwoav" {Str+5 Dex-4}
  3710 | D:5      | HP: 10/59 [centaur/arrow (10)]
  3711 | D:5      | 3711 ||| DRINKING potion of heal wounds.
  3730 | D:5      | HP: 13/59 [centaur/arrow (6)]
  3741 | D:5      | HP: 11/59 [centaur/arrow (4)]
  3745 | D:5      | HP: 2/59 [centaur/arrow (12)]
  3748 | D:5      | Shot with an arrow by a centaur

Levels and vault maps discovered:
D:1:      dpeg_arrival_arbitrary_a, layout_basic
D:2:      layout_basic, serial_shops, shop, shapermc_ecumenical_altar_gd,
          basic_altar
D:3:      layout_rooms
D:4:      minmay_chambers_of_twos, layout_basic, zin_scriptorium,
          nicolae_hepliaklqana_hippocampus
D:5:      layout_basic, marbit_many_paths, fedhas_bush_and_centaur_altar,
          uniq_menkaure

Skill      XL: |  1  2  3  4  5  6  7 |
---------------+----------------------+-----
Axes           | 4 5 6 7 8 |  8.1
Armour         | 3 |  3.8
Fighting       | 4 |  4.0
Shields        | 3 4 |  4.2
Dodging        | |  2.1

Action                   |  1- 3 |  4- 6 |  7- 9 || total
-------------------------+-------+-------+-------++-------
Melee: Hand axe          |    86 |    49 |     9 ||   144
       Headbutt          |     7 |     5 |     2 ||    14
       Punch             |       |     1 |       ||     1
Invok: Berserk           |     1 |     3 |       ||     4
  Use: Scroll            |     4 |     6 |       ||    10
       Potion            |     2 |     4 |     1 ||     7
Armor: Animal skin       |    14 |       |       ||    14
       Plate armour      |    12 |    28 |    17 ||    57
Dodge: Dodged            |    39 |    12 |     8 ||    59
Block: Kite shield       |       |     1 |    23 ||    24

Table legend:
 A = Non-vault XP
 B = Vault XP
 C = Vault XP percentage of total XP
 D = Non-vault monster count
 E = Vault monster count
 F = Vault count percentage of total count
                 A         B        C        D         E       F
            +---------+---------+-------+---------+---------+-------
      Total |     657 |     185 |  22.0 |      68 |       8 |  10.5
            +---------+---------+-------+---------+---------+-------
        D:1 |      27 |       0 |   0.0 |      16 |       0 |   0.0
        D:2 |      23 |       0 |   0.0 |      14 |       0 |   0.0
        D:3 |      73 |       0 |   0.0 |      16 |       0 |   0.0
        D:4 |     239 |     185 |  43.6 |      13 |       8 |  38.1
        D:5 |     295 |       0 |   0.0 |       9 |       0 |   0.0
            +---------+---------+-------+---------+---------+-------
